 Dungeon Crawl Stone Soup version 0.19.1 (webtiles) character file.

6216 Nakatomy the Cleaver (level 10, -2/92 HPs)
             Began as a Minotaur Berserker on Dec 19, 2016.
             Was a High Priest of Trog.
             Splashed by Maurice's acid (16 damage)
             ... on level 10 of the Dungeon.
             The game lasted 00:37:24 (10968 turns).

Nakatomy the Cleaver (Minotaur Berserker)          Turns: 10968, Time: 00:37:24

Health: -2/92      AC:  8    Str: 23    XL:     10   Next: 61%
Magic:  9/9        EV:  8    Int:  2    God:    Trog [*****.]
Gold:   494        SH: 15    Dex: 12    Spells: 0 memorised, 9 levels left

rFire  . . .     SeeInvis .     a - +1 hand axe
rCold  . . .     Gourm    .     l - +0 chain mail
rNeg   . . .     Faith    .     q - +0 large shield
rPois  .         Spirit   .     (helmet restricted)
rElec  .         Reflect  .     m - +2 cloak {+Inv}
rCorr  .         Harm     .     p - +0 pair of gloves
MR     .....                    (no boots)
Stlth  ..........               (no amulet)
                                (no ring)
                                n - -2 ring of intelligence

@: lethally poisoned (-2 -> -3), exhausted, corroded, slowed, very slow
A: retaliatory headbutt, horns 2
a: Berserk, Trog's Hand, Brothers in Arms, Burn Spellbooks, Renounce Religion,
Evoke Invisibility


You were on level 10 of the Dungeon.
You worshipped Trog.
Trog was extremely pleased with you.
You were not hungry.

You visited 1 branch of the dungeon, and saw 10 of its levels.
You visited the Abyss 1 time.
You also visited: Sewer.

You collected 494 gold pieces.

Inventory:

Hand Weapons
 a - a +1 hand axe (weapon)
Armour
 k - a +0 ring mail
 l - a +0 chain mail (worn)
 m - a +2 cloak of invisibility (worn)
 p - a +0 pair of gloves (worn)
 q - a +0 large shield (worn)
Jewellery
 h - a +6 ring of dexterity {unknown}
 n - a -2 ring of intelligence (left hand)
 o - a +4 ring of strength {unknown}
 u - an uncursed ring of wizardry {unknown}
Wands
 y - a wand of flame (23/48)
 I - a wand of disintegration (18/24)
Scrolls
 b - 2 scrolls of blinking
 f - 7 scrolls of identify
 g - 2 scrolls of teleportation
 i - 3 scrolls of remove curse
 j - 3 scrolls of fog
 t - 2 scrolls of amnesia {unknown}
 w - a scroll of enchant weapon
 x - a scroll of random uselessness {unknown}
 G - a scroll of summoning {unknown}
Potions
 d - a potion of degeneration
 e - a potion of brilliance
 r - a potion of invisibility
 s - 4 potions of curing
 v - a potion of lignification
 z - 3 potions of might {unknown}
 A - a potion of flight
 H - a potion of agility {unknown}
Comestibles
 c - 7 bread rations
 B - 8 chunks of flesh
 C - a meat ration
 D - a slice of pizza
 F - a fruit


   Skills:
 + Level 9.7 Fighting
 * Level 10.9 Axes
 + Level 9.4 Armour
 + Level 8.6 Dodging
 + Level 4.2 Shields


You had 9 spell levels left.
You didn't know any spells.

Dungeon Overview and Level Annotations

Branches:
Dungeon (10/15)            Temple (0/1) D:6
   Lair: D:8-11         Orc: D:9-12

Altars:
Cheibriados
Makhleb
Nemelex Xobeh
Okawaru
Sif Muna
Yredelemnul
Zin

Shops:
D:4 *   D:5 (

Annotations:
D:5 exclusion: 2 doors
D:10 1 exclusion, Maurice, Psyche


Innate Abilities, Weirdness & Mutations

You reflexively headbutt those who attack you in melee.
You have a pair of horns on your head.


Message History

You feel sick.
You hear a zap.
A bolt of acid appears from out of thin air!
The bolt of acid hits you! The acid corrodes you!
You are splashed with acid!
The acid burns!
There is an open door here.
Something hits you but does no damage.
You feel sick. Something hits you.
Something steals your 2 potions of invisibility!
You feel sick.
You hear some strange, mumbled words.
There is an open door here.
Something is blocking the doorway!
You hear a zap.
A bolt of acid appears from out of thin air!
The bolt of acid hits you!
* * * LOW HITPOINT WARNING * * *
You are splashed with acid!
The acid burns!
You die...

#. ≈≈.P # ≈≈≈. ≈≈≈≈
###+### ≈≈≈≈#+######
#.....# ≈≈≈........#
#.....+ ≈≈.........#
#.....#
≈≈.........#####.....#
≈≈≈........#...'@....#
≈≈≈...†....#.###.....#
≈≈....†....'.# #.....#
....[......### #.....#
##+######### #.....#
###'### #.# #.# #.#


There were no monsters in sight!

Vanquished Creatures
  The ghost of dricus the Conjurer, a novice DECj (D:5)
  A troll (D:9)
  A two-headed ogre (D:8)
  Sigmund (D:6)
  A spriggan (D:8)
  A wyvern (D:8)
  2 hungry ghosts
  2 water moccasins (D:10)
  3 ice beasts (D:8)
  3 sky beasts
  3 orc warriors
  2 phantoms
  2 black bears
  A necrophage (D:8)
  3 ogres
  6 centaurs
  2 big kobolds
  8 bullfrogs
  A gnoll sergeant (D:9)
  A wyvern zombie (D:7)
  4 scorpions
  5 killer bees (D:10)
  3 howler monkeys
  An electric eel (D:7)
  2 crimson imps
  A quasit (D:6)
  A bullfrog zombie (D:7)
  5 hounds
  A jelly (D:5)
  2 orc priests
  8 orc wizards
  A bullfrog skeleton (D:9)
  Crazy Yiuf (D:2)
  Terence (D:2)
  An iguana (D:8)
  Natasha (thrice) (D:3)
  7 worker ants
  2 hound skeletons
  12 gnolls
  A howler monkey skeleton (D:4)
  12 adders
  3 river rats
  An adder zombie (D:6)
  5 worms
  4 dart slugs
  3 leopard geckos
  30 orcs
  3 ball pythons
  5 bats
  5 giant cockroaches
  6 goblins
  7 hobgoblins
  18 jackals
  15 kobolds
  5 quokkas
  5 frilled lizards
  9 rats
  A fungus (D:2)
244 creatures vanquished.

Vanquished Creatures (others)
  2 plants (D:5)
2 creatures vanquished.

Grand Total: 246 creatures vanquished

Notes
Turn   | Place    | Note
-------+----------+-------------------------------------------
     0 | D:1      | Nakatomy the Minotaur Berserker began the quest for the Orb.
     0 | D:1      | Reached XP level 1. HP: 19/19 MP: 0/0
   286 | D:1      | Reached XP level 2. HP: 10/27 MP: 1/1
   630 | D:1      | Reached skill level 4 in Axes
  1242 | D:1      | Reached XP level 3. HP: 31/33 MP: 2/2
  1641 | D:2      | Noticed Terence
  1649 | D:2      | Killed Terence
  1649 | D:2      | Reached ** piety under Trog
  1713 | D:2      | Reached XP level 4. HP: 40/40 MP: 3/3
  1758 | D:2      | Found a faded altar of an unknown god.
  1758 | D:2      | Found a faded altar of an unknown god.
  1766 | D:2      | Found a faded altar of an unknown god.
  1768 | D:2      | Found a faded altar of an unknown god.
  1770 | D:2      | Found a deep blue altar of Sif Muna.
  2192 | D:2      | Found a runed door.
  2196 | D:2      | Noticed Crazy Yiuf
  2201 | D:2      | Killed Crazy Yiuf
  2415 | D:3      | Noticed an ogre
  2598 | D:3      | Killed an ogre
  2598 | D:3      | Reached skill level 5 in Fighting
  2598 | D:3      | Reached XP level 5. HP: 46/48 MP: 4/4
  2737 | D:3      | Noticed Natasha
  2742 | D:3      | Killed Natasha
  2828 | D:3      | Reached skill level 5 in Axes
  3024 | D:3      | Noticed Natasha
  3031 | D:3      | Killed Natasha
  3031 | D:3      | Reached XP level 6. HP: 55/56 MP: 5/5
  3288 | D:3      | Noticed Natasha
  3293 | D:3      | Killed Natasha
  3366 | D:4      | Found Uclabed's Assorted Antiques.
  4179 | D:5      | Entered Level 5 of the Dungeon
  4200 | D:5      | Reached *** piety under Trog
  4217 | D:5      | Reached XP level 7. HP: 59/61 MP: 6/6
  4250 | D:5      | Found Ruco's Weapon Boutique.
  4253 | D:5      | Noticed dricus's ghost (novice DECj)
  4261 | D:5      | Reached skill level 5 in Armour
  4783 | D:5      | Reached skill level 6 in Axes
  4827 | D:5      | Noticed a hill giant
  4993 | D:5      | Killed dricus's ghost
  4993 | D:5      | Reached skill level 5 in Dodging
  5058 | D:5      | Reached XP level 8. HP: 27/71 MP: 7/7
  5515 | D:5      | Found a glowing silver altar of Zin.
  5582 | D:6      | Noticed Sigmund
  5587 | D:6      | Killed Sigmund
  5587 | D:6      | Reached skill level 7 in Axes
  6036 | D:6      | Found a sparkling altar of Nemelex Xobeh.
  6183 | D:6      | Found a glowing drain.
  6188 | Sewer    | Entered a sewer
  6198 | Sewer    | Reached **** piety under Trog
  6290 | Sewer    | Found a white marble altar of Elyvilon.
  6487 | D:6      | Reached skill level 8 in Axes
  6624 | D:6      | Found a staircase to the Ecumenical Temple.
  6812 | D:7      | Reached XP level 9. HP: 63/81 MP: 8/8
  7951 | D:8      | Reached skill level 9 in Axes
  7951 | D:8      | Reached skill level 1 in Shields
  8317 | D:8      | Found a burning altar of Makhleb.
  8412 | D:8      | Found a flagged portal.
  8417 | D:8      | Reached XP level 10. HP: 91/91 MP: 9/9
  8543 | D:8      | Reached skill level 10 in Axes
  9242 | D:9      | Found an iron altar of Okawaru.
  9244 | D:9      | Found a basalt altar of Yredelemnul.
  9244 | D:9      | Found a snail-covered altar of Cheibriados.
  9471 | D:9      | Reached ***** piety under Trog
 10152 | D:10     | Entered Level 10 of the Dungeon
 10438 | D:10     | Noticed Psyche
 10458 | D:10     | Cast into level 2 of the Abyss (Psyche)
 10525 | Abyss:2  | Noticed a starcursed mass
 10526 | Abyss:2  | Noticed an Executioner
 10546 | D:10     | Escaped the Abyss
 10955 | D:10     | Noticed Maurice
 10968 | D:10     | Splashed by Maurice's acid

Skill      XL: |  1  2  3  4  5  6  7  8  9 10 |
---------------+-------------------------------+-----
Axes           | 4 5 6 8 9 10 | 10.9
Armour         | 3 4 5 7 8 9 |  9.4
Fighting       | 4 5 6 7 9 |  9.7
Dodging        | 3 4 5 6 7 8 |  8.6
Shields        | 2 4 |  4.2

Action                   |  1- 3 |  4- 6 |  7- 9 | 10-12 || total
-------------------------+-------+-------+-------+-------++-------
Melee: Hand axe          |    87 |   147 |   370 |   200 ||   804
       Headbutt          |    14 |    28 |    76 |    31 ||   149
Invok: Berserk           |     1 |     4 |     6 |     5 ||    16
       Trog's Hand       |       |     1 |       |       ||     1
  Use: Scroll            |       |     6 |     7 |     1 ||    14
       Potion            |       |       |     1 |     1 ||     2
  Eat: Chunk             |     2 |     3 |    16 |     9 ||    30
       Bread ration      |       |     2 |     1 |     1 ||     4
       Royal jelly       |       |     1 |       |       ||     1
       Beef jerky        |       |       |     2 |       ||     2
Armor: Animal skin       |    15 |       |       |       ||    15
       Chain mail        |     2 |    67 |   203 |    81 ||   353
       Ring mail         |     2 |       |       |       ||     2
Dodge: Dodged            |    36 |    52 |   185 |    47 ||   320
Block: Large shield      |       |       |    57 |   176 ||   233
